 Dungeon Crawl Stone Soup version 0.27-a0-1149-g4505690ab0 (webtiles) character file.

Game seed: 17464833022936527666

5030 robertstho the Grappler (level 10, -1/96 HPs)
             Began as a Troll Fighter on May 12, 2021.
             Was an Elder of Okawaru.
             Slain by a sixfirhy (11 damage)
             ... summoned by a kobold demonologist
             ... on level 8 of the Dungeon.
             The game lasted 00:10:26 (6505 turns).

robertstho the Grappler (Troll Fighter)             Turns: 6505, Time: 00:10:26

Health: -1/96      AC: 13    Str: 28    XL:     10   Next: 30%
Magic:  10/12      EV: 12    Int:  5    God:    Okawaru [****..]
Gold:   220        SH: 12    Dex:  9    Spells: 9/9 levels left

rFire    . . .     SeeInvis .     - Unarmed
rCold    + . .     Faith    .   b - +0 kite shield
rNeg     . . .     Spirit   .   x - +2 robe {rC+}
rPois    +         Reflect  .   (helmet restricted)
rElec    .         Harm     .   v - +2 cloak
rCorr    .         Rampage  .   (gloves unavailable)
Will     .....                  (boots unavailable)
Stlth    +++.......             w - amulet of regeneration
HPRegen  2.26/turn              B - +4 ring of protection
MPRegen  0.13/turn              u - ring of poison resistance

@: heroic
A: large, unfitting armour, claws 3, regeneration 1, shaggy fur 1, tough skin 1
a: Renounce Religion, Heroism


You were on level 8 of the Dungeon.
You worshipped Okawaru.
Okawaru was greatly pleased with you.
You visited 2 branches of the dungeon, and saw 9 of its levels.

You collected 308 gold pieces.
You spent 88 gold pieces at shops.

Inventory:

Armour
 b - a +0 kite shield (worn)
 l - a +1 robe of positive energy
 v - a +2 cloak (worn)
 x - a +2 robe of cold resistance (worn)
Jewellery
 c - a ring of protection from cold
 p - a ring of positive energy
 u - a ring of poison resistance (right claw)
 w - an amulet of regeneration (around neck)
 y - a ring of resist corrosion
 A - a ring of ice
 B - a +4 ring of protection (left claw)
Wands
 n - a wand of paralysis (6)
 o - a wand of digging (8)
Scrolls
 d - a scroll of holy word {unknown}
 e - 3 scrolls of fear
 f - 2 scrolls of fog
 h - 2 scrolls of amnesia {unknown}
 i - a scroll of magic mapping {unknown}
 k - a scroll of brand weapon {unknown}
 q - 9 scrolls of teleportation {unknown}
 s - a scroll of silence {unknown}
 C - a scroll of noise {unknown}
 E - a scroll of identify
Potions
 a - 3 potions of degeneration {unknown}
 g - 2 potions of brilliance
 j - 2 potions of flight
 m - 2 potions of ambrosia
 r - 3 potions of attraction {unknown}
 t - a potion of haste {unknown}
 z - a potion of lignification
 D - a potion of curing {unknown}


   Skills:
 * Level 5.2(10.2) Fighting
 + Level 4.8(9.8) Dodging
 - Level 0.4(5.4) Stealth
 + Level 4.8(9.8) Shields
 * Level 11.3(16.3) Unarmed Combat
 * Level 4.2 Invocations


You had 9 spell levels left.
You didn't know any spells.
Your spell library contained the following spells:

 Spells                   Type           Power      Damage    Failure   Level
 Animate Skeleton         Necr           0%         N/A       47%         1
 Magic Dart               Conj           0%         1d3       47%         1
 Pain                     Necr           0%         1d4       47%         1
 Sting                    Tmut/Pois      0%         1d3       47%         1
 Blink                    Tloc           N/A        N/A       63%         2
 Call Imp                 Summ           0%         N/A       63%         2
 Poisonous Vapours        Pois/Air       0%         N/A       63%         2
 Slow                     Hex            0%         N/A       63%         2
 Conjure Flame            Conj/Fire      0%         6-21      85%         3
 Ignite Poison            Fire/Tmut/Pois 0%         N/A       85%         3
 Mephitic Cloud           Conj/Pois/Air  0%         N/A       85%         3
 Vampiric Draining        Necr           0%         2d6       85%         3
 Animate Dead             Necr           0%         N/A       99%         4
 Olgreb's Toxic Radiance  Pois           0%         N/A       99%         4
 Agony                    Necr           0%         N/A       100%        5


Dungeon Overview and Level Annotations

Branches:
Dungeon (8/15)             Temple (1/1) D:4
   Lair: D:8-11

Altars:
Cheibriados
Dithmenos
Elyvilon
Gozag
Makhleb
Nemelex Xobeh
Okawaru
Qazlal
Ru
Sif Muna
Trog
Vehumet
Wu Jian
Yredelemnul
Lugonu

Shops:
D:2 (   D:7 [=[

Portals:
Abyss: D:6


Innate Abilities, Weirdness & Mutations

You are too large for most types of armour.
You have claws for hands.
Your natural rate of healing is unusually fast.
You are covered in fur. (AC +1)
You have tough skin. (AC +1)


Message History

You completely miss the sixfirhy. You completely miss the sixfirhy.
You block the sixfirhy's attack. The sixfirhy hits you.
The sixfirhy shocks you! The sixfirhy hits you. The sixfirhy shocks you!
A centaur zombie comes into view.
The sixfirhy hits you! The sixfirhy shocks you!
You are too injured to fight recklessly!
You are too injured to fight recklessly!
You are too injured to fight recklessly!
You are too injured to fight recklessly!
You are too injured to fight recklessly!
You are too injured to fight recklessly!
You are too injured to fight recklessly!
You are too injured to fight recklessly!
You are too injured to fight recklessly!
You are too injured to fight recklessly!
You are too injured to fight recklessly!
You are too injured to fight recklessly!
Unknown command.
You gain the combat prowess of a mighty hero.
The sixfirhy hits you but does no damage.
The sixfirhy completely misses you. The sixfirhy hits you.
The sixfirhy shocks you!
* * * LOW HITPOINT WARNING * * *
The kobold demonologist gestures wildly while chanting.
The sixfirhy hits you but does no damage.
You eviscerate the orc wizard!!!
You kill the orc wizard!
Okawaru accepts your kill.
You block the kobold demonologist's attack.
Things that are here:
a +0 dagger; a +0 robe; a scroll of identify You completely miss the kobold demonologist.
The crimson imp blinks!
You mangle the kobold demonologist!!
The kobold demonologist is severely wounded.
The sixfirhy hits you!
* * * LOW HITPOINT WARNING * * *
The sixfirhy shocks you!
You die...

..# ################.
### ## # .### # #### ##.
...# #..### #5. #..#
#....### ##..###...#
.......### #.....#..#
.......'.#####...K..#
......##...#.###@3ยง####
#
#.....#...##...#'#.#..#
## #.##..###.)......#
##.### #.
#.##....###..#..## #...#
###. #.##.#...#......#
###.# ##...
#.##.##..###...## #(#
#..## #.##.###...###.#
#.## #.## #.##.#
##....##### #..####.#
#.##.##
#####....#######>.##..#


You could see a kobold demonologist, a sixfirhy (summoned) and a crimson imp
(summoned).

Vanquished Creatures
  An ugly thing (D:8)
  A centaur zombie (D:7)
  5 yaks (D:8)
  2 wyverns (D:8)
  2 steam dragons
  Menkaure (D:6)
  2 ice beasts
  2 sky beasts
  An orc warrior (D:8)
  A necrophage (D:6)
  4 black bears
  4 ogres
  A phantom (D:4)
  A centaur (D:5)
  5 bullfrogs
  A scorpion (D:6)
  A gnoll sergeant (D:7)
  A wyvern skeleton (D:7)
  4 killer bees (D:8)
  3 bullfrog zombies
  3 orc priests
  Crazy Yiuf (D:2)
  6 hounds
  A jelly (D:4)
  Jessica (D:2)
  Terence (D:2)
  An iguana (D:4)
  8 orc wizards
  Robin (D:3)
  10 adders
  5 gnolls
  A shadow imp (D:8)
  A white imp (D:8)
  A dart slug (D:5)
  18 orcs
  10 ball pythons
  6 endoplasms
  3 giant cockroaches
  19 goblins
  10 hobgoblins
  18 jackals
  4 quokkas
  4 bats
  6 kobolds
  2 rats
184 creatures vanquished.

Vanquished Creatures (others)
  A wizard (D:4)
  An ufetubus (D:6)
  An orc (D:6)
  2 lurking horrors (D:6)
5 creatures vanquished.

Grand Total: 189 creatures vanquished

Notes
Turn   | Place    | Note
-------+----------+-------------------------------------------
     0 | D:1      | robertstho the Troll Fighter began the quest for the Orb.
     0 | D:1      | Reached XP level 1. HP: 22/22 MP: 0/0
    84 | D:1      | Reached XP level 2. HP: 29/29 MP: 1/1
   129 | D:1      | Found a faded altar of an unknown god.
   330 | D:1      | Reached XP level 3. HP: 34/36 MP: 2/2
   697 | D:2      | Found a runed translucent door.
   698 | D:2      | Noticed Crazy Yiuf
   715 | D:2      | Found Edwaaf's Weapon Shoppe.
   870 | D:2      | Reached skill level 3 in Unarmed Combat
   914 | D:2      | Reached XP level 4. HP: 45/45 MP: 3/3
   927 | D:2      | Noticed Terence
   957 | D:2      | Killed Terence
  1082 | D:2      | Noticed Jessica
  1092 | D:2      | Killed Jessica
  1093 | D:2      | Reached XP level 5. HP: 53/53 MP: 4/4
  1315 | D:2      | Killed Crazy Yiuf
  1699 | D:3      | Reached skill level 4 in Unarmed Combat
  2161 | D:3      | Noticed Robin
  2236 | D:3      | Reached XP level 6. HP: 33/61 MP: 5/5
  2242 | D:3      | Killed Robin
  2641 | D:4      | Reached skill level 5 in Unarmed Combat
  2725 | D:4      | Found a staircase to the Ecumenical Temple.
  2736 | Temple   | Entered the Ecumenical Temple
  2746 | Temple   | Became a worshipper of Warmaster Okawaru
  2991 | D:4      | Reached XP level 7. HP: 60/67 MP: 6/6
  3096 | D:4      | Found a bloodstained altar of Trog.
  3097 | D:4      | Noticed a wizard
  3103 | D:4      | Killed a wizard
  3346 | D:5      | Entered Level 5 of the Dungeon
  3376 | D:5      | Reached skill level 1 in Invocations
  3439 | D:5      | Reached skill level 6 in Unarmed Combat
  3514 | D:5      | Reached * piety under Okawaru
  3709 | D:5      | Reached XP level 8. HP: 77/78 MP: 8/8
  3827 | D:5      | Reached skill level 7 in Unarmed Combat
  3978 | D:5      | Found a basalt altar of Yredelemnul.
  4428 | D:6      | Found a stormy altar of Qazlal.
  4526 | D:6      | Noticed Menkaure
  4529 | D:6      | Reached skill level 8 in Unarmed Combat
  4556 | D:6      | Killed Menkaure
  4556 | D:6      | Reached ** piety under Okawaru
  4660 | D:6      | Found a corrupted altar of Lugonu.
  4668 | D:6      | Found a one-way gate to the infinite horrors of the Abyss.
  4736 | D:6      | Paralysed by an orc for 2 turns
  4741 | D:6      | Paralysed by an orc for 3 turns
  4824 | D:6      | Found a sparkling altar of Nemelex Xobeh.
  4864 | D:6      | Reached XP level 9. HP: 71/85 MP: 10/10
  5037 | D:7      | Reached skill level 9 in Unarmed Combat
  5038 | D:7      | Found Zuomapn's Armour Emporium.
  5444 | D:7      | Found Pevvo's Antique Armour Shop.
  5465 | D:7      | Bought an embroidered robe for 88 gold pieces
  5481 | D:7      | Found Fehom's Jewellery Shoppe.
  5489 | D:7      | Reached *** piety under Okawaru
  5621 | D:7      | Found a snail-covered altar of Cheibriados.
  5622 | D:7      | Found a shimmering blue altar of Sif Muna.
  5852 | D:7      | Found a sacrificial altar of Ru.
  5852 | D:7      | Found a burning altar of Makhleb.
  5860 | D:7      | Found a faded altar of an unknown god.
  5862 | D:7      | Found an ornate altar of the Wu Jian Council.
  5865 | D:7      | Found a radiant altar of Vehumet.
  5965 | D:8      | Reached skill level 10 in Unarmed Combat
  5981 | D:8      | Received a gift from Okawaru
  5998 | D:8      | Reached skill level 5 in Fighting
  6217 | D:8      | Reached XP level 10. HP: 96/96 MP: 11/11
  6246 | D:8      | Noticed a red ugly thing
  6253 | D:8      | Killed a red ugly thing
  6253 | D:8      | Reached **** piety under Okawaru
  6254 | D:8      | Reached skill level 11 in Unarmed Combat
  6497 | D:8      | Noticed a sixfirhy
  6505 | D:8      | Slain by a sixfirhy

Illustrated notes

Levels and vault maps discovered:
D:1:      denvon_arrival_waterhouse, layout_basic, ebering_ecumenical_altar_webs
D:2:      layout_rooms, serial_shops, nicolae_shop_waterfront,
          minmay_snake_closets, uniq_terence, uniq_jessica,
          uniq_crazy_yiuf_cottage
D:3:      layout_basic, uniq_robin
D:4:      layout_cave_pods, trog_wizard, minmay_temple_entry_junction_2
D:5:      layout_loops_corners, overflow_temple_1_default, saegor_snake_ambush
D:6:      layout_rooms, nicolae_qazlal_scattered_showers,
          nemelex_spade_bored_becter, amcnicky_altar_lugonu_corruption,
          uniq_menkaure
D:7:      layout_basic, chequers_temple_overflow_minitemple,
          grunt_temple_overflow_open, serial_shops, shop,
          nicolae_shop_statue_plus, nicolae_shop_stone
D:8:      minmay_slanted_spiral_squares, layout_rooms, minmay_misc_feat_room,
          amethyst_killhole
Temple:   compressed_dpeg_triangle_lava_temple

Skill      XL: |  1  2  3  4  5  6  7  8  9 10 |
---------------+-------------------------------+-----
Unarmed Combat | 3 4 5 6 8 10 11 | 11.3
Fighting       | 3 4 5 |  5.2
Dodging        | 3 4 |  4.8
Shields        | 3 4 |  4.8
Invocations    | 1 2 3 4 |  4.2
Stealth        | |  0.4

Action                   |  1- 3 |  4- 6 |  7- 9 | 10-12 || total
-------------------------+-------+-------+-------+-------++-------
Melee: Unarmed           |   117 |   173 |   251 |    59 ||   600
Invok: Heroism           |       |       |     2 |     1 ||     3
  Use: Potion            |       |     3 |     1 |       ||     4
       Scroll            |       |     4 |     1 |       ||     5
Armor: Robe              |    68 |    63 |    75 |    25 ||   231
Dodge: Dodged            |    57 |    56 |    65 |    14 ||   192
Block: Kite shield       |    77 |    84 |    97 |    29 ||   287

Table legend: (Time is in decaauts)
 A = Elapsed time spent in this place.
 B = Non-inter-level travel time spent in this place.
 C = Inter-level travel time spent in this place.
 D = Time resting spent in this place.
 E = Time spent auto-exploring this place.
 F = Levels seen in this place.
 G = Mean time per level.
                   A        B        C        D        E       F      G
               +--------+--------+--------+--------+--------+-----+--------+
         Total |   6569 |   6404 |    165 |    251 |   4837 |   9 |  729.9 |
       Dungeon |   6552 |   6395 |    157 |    251 |   4835 |   8 |  819.0 |
        Temple |     17 |     10 |      7 |      0 |      2 |   1 |   17.0 |
               +--------+--------+--------+--------+--------+-----+--------+

Top non-repeatable levels by time:
     D:5: 1051 daAuts
     D:7: 976 daAuts
     D:3: 974 daAuts
     D:4: 877 daAuts
     D:2: 841 daAuts
     D:1: 677 daAuts
     D:6: 614 daAuts
     D:8: 537 daAuts
  Temple: 17 daAuts
